 Dungeon Crawl Stone Soup version 0.30.1 (webtiles) character file.

Game seed: 14277926799488146801

56 cdecastro the Shooter (level 3, 0/34 HPs)
             Began as a Minotaur Hunter on July 2, 2023.
             Slain by an orc wizard
             ... wielding a +0 dagger
              (3 damage)
             ... on level 2 of the Dungeon.
             The game lasted 00:01:33 (888 turns).

cdecastro the Shooter (Minotaur Hunter)              Turns: 888, Time: 00:01:34

Health: 0/34       AC:  3    Str: 15    XL:     3   Next: 71%
Magic:  2/2        EV: 12    Int:  6    God:
Gold:   117        SH:  0    Dex: 15    Spells: 2/2 levels left

rFire   . . .        a - +0 shortbow
rCold   . . .        (shield currently unavailable)
rNeg    . . .        c - +0 leather armour
rPois   .            (helmet restricted)
rElec   .            (no cloak)
rCorr   .            (no gloves)
SInv    .            (no boots)
Will    .....        (no amulet)
Stlth   +            (no ring)
HPRegen 0.25/turn    (no ring)
MPRegen 0.08/turn

%: no passive effects
@: no status effects
A: horns 2, retaliatory headbutt
a: no special abilities


You were on level 2 of the Dungeon.
You visited 1 branch of the dungeon, and saw 2 of its levels.

You collected 117 gold pieces.

Inventory:

Hand Weapons
 a - a +0 shortbow (weapon)
 b - a +0 dagger of electrocution
Missiles
 j - 6 poisoned darts
Armour
 c - a +0 leather armour (worn)
Scrolls
 d - a scroll of identify {unknown}
 e - a scroll of noise {unknown}
 f - a scroll of immolation
 g - a scroll of poison {unknown}
 h - a scroll of amnesia {unknown}
 i - 2 scrolls of teleportation {unknown}
 l - a scroll of blinking {unknown}
Potions
 k - 2 potions of ambrosia {unknown}
 m - a potion of flight {unknown}


   Skills:
 * Level 4.3 Fighting
 + Level 4.9 Ranged Weapons
 - Level 2.1 Dodging
 - Level 0.7 Stealth


You had 2 spell levels left.
You didn't know any spells.
Your spell library was empty.

Dungeon Overview and Level Annotations

Branches:
Dungeon (2/15)

Altars:


Innate Abilities, Weirdness & Mutations

You have a pair of horns on your head.
You reflexively headbutt those who attack you in melee.


Message History

The orc is almost dead.
You shoot an arrow.
The arrow hits the orc but does no damage.
The orc is almost dead.
An orc wizard comes into view. It is wielding a +0 dagger.
You shoot an arrow. The orc wizard shouts!
The arrow hits the orc.
You kill the orc!
You hear a shout! x3
An orc comes into view. It is wielding a +0 club.
The orc wizard casts a spell at you. You resist with significant effort.
You see here a +0 dagger.
You shoot an arrow.
The arrow completely misses the orc wizard.
You shoot an arrow. The arrow barely misses the orc wizard.
You shoot an arrow.
The arrow closely misses the orc wizard.
The arrow hits the orc.
The orc is moderately wounded.
An orc priest comes into view. It is wielding a +0 flail.
The orc priest invokes the aid of Beogh against you.
Beogh smites you!
You shoot an arrow. The arrow barely misses the orc priest.
The orc priest hits you with a +0 flail.
The orc wizard closely misses you.
Unknown command.
You shoot an arrow.
The arrow hits the orc priest but does no damage.
The orc priest hits you with a +0 flail.
The orc wizard gestures at you while chanting.
The puff of flame hits you!
* * * LOW HITPOINT WARNING * * *
Unknown command.
You shoot an arrow. The arrow barely misses the orc priest.
The orc priest hits you with a +0 flail.
* * * LOW HITPOINT WARNING * * *
The orc wizard hits you with a +0 dagger.
You die...

#.... .o...$#.#....#<....
#...#.. #.####.....).
#..). ##†# ##.##.#.
#..#########..# #..#...
#............## #..##.#
#.#####.#.#.#######...##.
#.### ##.......†.......##
#[).#####o#.#########.###
###...oo@...# .#
###.####### .# #.# ## #.#
#.# #.# #.. #.# #..


You could see an orc priest, an orc wizard and an orc.

Vanquished Creatures
  An adder (D:2)
  2 worms (D:2)
  An orc (D:2)
  2 ball pythons (D:1)
  5 bats
  5 endoplasms
  A giant cockroach (D:2)
  A hobgoblin (D:1)
  4 jackals (D:2)
  3 kobolds
  A quokka (D:1)
  3 frilled lizards
  6 goblins
  3 rats
38 creatures vanquished.

Notes
Turn   | Place    | Note
-------+----------+-------------------------------------------
     0 | D:1      | cdecastro the Minotaur Hunter began the quest for the Orb.
     0 | D:1      | Reached XP level 1. HP: 18/18 MP: 0/0
   142 | D:1      | Reached XP level 2. HP: 26/26 MP: 1/1
   454 | D:2      | Reached XP level 3. HP: 33/33 MP: 2/2
   888 | D:2      | Slain by an orc wizard

Illustrated notes

Levels and vault maps discovered:
D:1:      tekkud_arrival_beachfront_property, layout_basic
D:2:      cheibrodos_pilgrimage, layout_loops_ring, hangedman_decor_opposing,
          minmay_tripent

Skill      XL: |  1  2  3 |
---------------+----------+-----
Fighting       | 3 4 |  4.3
Ranged Weapons | |  4.9
Dodging        | |  2.1
Stealth        | |  0.7

Action                     || total
---------------------------++-------
   Fire: Shortbow          ||    86
 Armour: Leather armour    ||     2
  Dodge: Dodged            ||     9
